 Dungeon Crawl Stone Soup version 0.30.0-30-g96aa6591b8 (webtiles) character file.

Game seed: 16694900684406724503

91 Dordric the Slasher (level 4, -3/33 HPs)
             Began as a Djinni Warper on June 30, 2023.
             Slain by a gnoll
             ... wielding a +0 flail
              (11 damage)
             ... on level 1 of the Dungeon.
             The game lasted 00:03:54 (1280 turns).

Dordric the Slasher (Djinni Warper)                 Turns: 1280, Time: 00:03:55

Health: -3/33      AC:  3    Str: 10    XL:     4   Next: 88%
Gold:   79         EV: 12    Int: 15    God:
                   SH:  0    Dex: 14

rFire   + + .        a - +0 falchion
rCold   x . .        (no shield)
rNeg    . . .        b - +0 leather armour
rPois   ∞            (no helmet)
rElec   .            (no cloak)
rCorr   +            (no gloves)
SInv    .            (boots unavailable)
Will    .....        (no amulet)
Stlth   +            g - ring of resist corrosion
HPRegen 0.25/turn    (no ring)
MPRegen 0.00/turn

%: infuse magic (-4 HP)
@: flying
A: sickness immunity, fire resistance 2, cold vulnerability 1, float, innate
caster, HP casting, extra vitality 1
a: no special abilities


You were on level 1 of the Dungeon.
You visited 1 branch of the dungeon, and saw 2 of its levels.

You collected 79 gold pieces.

Inventory:

Hand Weapons
 a - a +0 falchion (weapon)
Missiles
 d - 7 boomerangs of dispersal (quivered)
Armour
 b - a +0 leather armour (worn)
Jewellery
 g - a ring of resist corrosion (left hand)
Scrolls
 c - a scroll of blinking
 k - a scroll of enchant armour {unknown}
Potions
 e - a potion of curing {unknown}
 f - 2 potions of heal wounds {unknown}
 h - 2 potions of flight {unknown}
 i - a potion of resistance {unknown}
 j - a potion of mutation {unknown}
 l - a potion of cancellation {unknown}


   Skills:
 - Level 2.0 Fighting
 + Level 4.2 Long Blades
 - Level 0.7 Throwing
 - Level 1.0 Armour
 - Level 2.1 Dodging
 - Level 2.4 Spellcasting


You knew the following spells:

 Your Spells              Type           Power      Damage    Failure   Level
a - Blink                 Tloc           18%        N/A       16%         2
b - Lesser Beckoning      Tloc           18%        N/A       16%         2
c - Vhi's Electric Charg  Tloc/Air       18%        N/A       32%         3
d - Teleport Other        Tloc           9%         N/A       32%         3
e - Manifold Assault      Tloc           9%         N/A       71%         4
f - Beastly Appendage     Tmut           18%        N/A       11%         1
Your spell library was empty.

Dungeon Overview and Level Annotations

Branches:
Dungeon (2/15)

Altars:

Annotations:
D:2 Sigmund


Innate Abilities, Weirdness & Mutations

You are immune to sickness and miasma.
You are immune to poison.
Your flesh is very heat resistant. (rF++)
You are vulnerable to cold. (rC-)
You float through the air rather than walking.
You learn spells naturally, not from books.
Your magical power is your life essence.
You have superior vitality. (+4 MHP)


Message History

The gnoll closely misses you.
You fly upwards.
There is a stone staircase leading down here.
You barely miss the gnoll. The gnoll barely misses you.
You barely miss the gnoll. The gnoll closely misses you.
You hit the gnoll.
The gnoll is lightly wounded.
The gnoll hits you with a +0 flail!
You hit the gnoll but do no damage.
The gnoll is lightly wounded.
The gnoll misses you.
You hit the gnoll but do no damage.
The gnoll is lightly wounded.
The gnoll closely misses you.
You hit the gnoll but do no damage.
The gnoll is lightly wounded.
The gnoll closely misses you.
You closely miss the gnoll.
The gnoll is lightly wounded.
The gnoll hits you with a +0 flail!
You are too injured to fight recklessly!
You are too injured to fight recklessly!
You are too injured to fight recklessly!
You are too injured to fight recklessly!
You are too injured to fight recklessly!
You are too injured to fight recklessly!
You are too injured to fight recklessly!
A gnoll is nearby!
You closely miss the gnoll.
The gnoll is lightly wounded.
The gnoll barely misses you.
You hit the gnoll.
The gnoll is lightly wounded.
The gnoll hits you with a +0 flail!
* * * LOW HITPOINT WARNING * * *
The gnoll barely misses you.
You hit the gnoll but do no damage.
The gnoll is lightly wounded.
The gnoll hits you with a +0 flail!
You die...

.##..##.....~≈≈+...'.......'...+≈
.#...##.....~≈≈#'###.#####.###'#≈
....###.....~≈≈≈≈'...#...#...#≈≈~
...## #.....≈≈≈≈≈#.###...'.⌠.+≈~~
.#.# #.....≈≈≈≈≈#.###.<.'.⌠.+~≈~
...# #..)..~≈≈≈≈'...#...#...#≈≈~
.#.## #.....~~≈#'###.#####.#+#'#≈
....# #.....≈≈≈+)g.#.......#...+≈
#...# #.....~≈≈+@..##+###'##..(+≈
#...###.....~≈≈#+#+#≈≈≈≈≈≈≈#'#+#≈
#.#..##.....~≈≈≈≈≈≈≈≈≈≈≈≈≈≈≈≈≈≈≈≈
..##.##.....~~≈≈≈≈≈≈≈≈≈≈≈≈≈≈≈≈≈≈≈
..##.##.....~≈~~≈~≈≈~~~≈~~~~~~~~~
.....##...#......................
.##....#..#......................
.##.##...........................
.##..##...########.......####.##.


You could see a gnoll.

Vanquished Creatures
  3 gnolls
  An adder (D:1)
  A worm (D:2)
  2 dart slugs
  3 endoplasms (D:1)
  5 giant cockroaches
  6 goblins (D:1)
  5 hobgoblins
  3 kobolds
  5 ball pythons
  6 bats
  A frilled lizard (D:2)
  3 rats
44 creatures vanquished.

Notes
Turn   | Place    | Note
-------+----------+-------------------------------------------
     0 | D:1      | Dordric the Djinni Warper began the quest for the Orb.
     0 | D:1      | Dordric set off with the following spells memorised: Blink,
                  | Lesser Beckoning, Vhi's Electric Charge, Teleport Other,
                  | Manifold Assault.
     0 | D:1      | Reached XP level 1. HP: 18/18 MP: 0/0
    41 | D:1      | Reached skill level 2 in Long Blades
    80 | D:1      | Reached XP level 2. HP: 20/23 MP: 0/0
   284 | D:1      | Reached skill level 3 in Long Blades
   284 | D:1      | Reached XP level 3. HP: 28/28 MP: 0/0
   284 | D:1      | Learned a level 1 spell: Beastly Appendage
   712 | D:2      | Noticed Sigmund
   797 | D:1      | Reached XP level 4. HP: 28/33 MP: 0/0
  1009 | D:1      | Reached skill level 4 in Long Blades
  1280 | D:1      | Slain by a gnoll

Illustrated notes

Levels and vault maps discovered:
D:1:      dpeg_arrival_castle, layout_rooms
D:2:      layout_rooms, uniq_sigmund

Skill      XL: |  1  2  3  4 |
---------------+-------------+-----
Long Blades    | 2 3 4 |  4.2
Fighting       | |  2.0
Throwing       | |  0.7
Armour         | |  1.0
Dodging        | |  2.1
Spellcasting   | |  2.4

Action                     |  1- 3 |  4- 6 || total
---------------------------+-------+-------++-------
  Melee: Falchion          |   123 |    56 ||   179
         Punch             |     3 |     2 ||     5
   Cast: Blink             |       |     1 ||     1
    Use: Scroll            |     1 |       ||     1
 Armour: Leather armour    |    64 |    11 ||    75
  Dodge: Dodged            |   110 |    40 ||   150
